[Event "Late Titled Tuesday Blitz February 8 2022"]
[White "Karas, Marek"]
[Black "Kosteniuk, Alexandra"]
[WhiteFideId "14928558"]
[BlackFideId "4128125"]
[WhiteElo "2270"]
[BlackElo "2469"]
[Result "0-1"]
[Round "10"]
[TimeControl "180+1"]
[Date "2022.02.09"]
[WhiteClock "0:00:33"]
[BlackClock "0:00:13"]

1. d4 Nf6 2. Nf3 e6 3. Bf4 b6 4. e3 Bb7 5. Nbd2 Be7 6. Bd3 O-O 7. O-O d6 8. h3 Nbd7 9. Bh2 Re8 10. a4 a5 11. c3 Bf8 12. e4 d5 13. Qe2 dxe4 14. Nxe4 Nxe4 15. Bxe4 Bxe4 16. Qxe4 Nf6 17. Qc6 Bd6 18. Rfe1 Bxh2+ 19. Kxh2 Qd6+ 20. Qxd6 cxd6 21. Nd2 Rec8 22. Ra3 Kf8 23. Ne4 Nxe4 24. Rxe4 d5 25. Re1 Rc4 26. Rea1 Rac8 27. Rb3 R8c6 28. Rb5 Ke7 29. Kg3 Kd7 30. Kf3 f6 31. Ke3 Rd6 32. f4 Kc6 33. Kd3 Kb7 34. b3 Rc7 35. Re1 Rdc6 36. Rc1 Rd7 37. Re1 Ka6 38. g4 Rdc7 39. Rc1 g6 40. f5 exf5 41. gxf5 Rd7 42. Re1 Rdc7 43. Rc1 Rd7 44. Re1 gxf5 45. Rf1 Rg7 46. Rf3 Rd6 47. c4 Rg5 48. Rxd5 Rxd5 49. cxd5 Kb7 50. Kc4 Kc7 51. Re3 f4 52. Re7+ Kd8 53. Re2 f3 54. Rf2 Rf5 55. Kd3 Rxd5 56. Ke4 Rh5 57. Rxf3 Ke7 58. Rc3 Kd6 59. Rf3 Ke6 60. Kd3 f5 61. Kc4 Rh4 62. Re3+ Re4 63. Rxe4+ fxe4 64. d5+ Ke5 65. d6 Kxd6 66. Kd4 Kc6 67. Kxe4 Kc5 68. Kd3 Kd5 69. h4 h5 70. Ke3 Ke5 71. Kd3 Kf4 72. Kc4 Kg4 73. Kb5 Kxh4 74. Kxb6 Kg4 75. Kxa5 h4 76. b4 h3 77. b5 h2 78. b6 h1=Q 79. Ka6 Qa8+ 80. Kb5 Kf5 81. a5 Ke6 82. a6 Qd5+ 83. Kb4 Qd4+ 84. Kb5 Qd5+ 85. Kb4 Qc6 86. b7 Qb6+ 87. Kc3 Kd7 0-1


[Site "https://www.chess.com"]

[Event "Late Titled Tuesday Blitz February 8 2022"]
[White "Kopczynski, Michal"]
[Black "Medeiros Jr, Francisco De Assis"]
[WhiteFideId "1124200"]
[BlackFideId "2114267"]
[WhiteElo "2235"]
[BlackElo "1998"]
[Result "1-0"]
[Round "10"]
[TimeControl "180+1"]
[Date "2022.02.09"]
[WhiteClock "0:02:00"]
[BlackClock "0:00:25"]

1. e4 c6 2. d4 d5 3. Nc3 g6 4. e5 h5 5. Be3 Bh6 6. Qd2 Bxe3 7. fxe3 Nh6 8. O-O-O Bg4 9. Nf3 Nf5 10. e4 dxe4 11. Nxe4 Nd7 12. Bc4 Bxf3 13. gxf3 Nb6 14. Bb3 e6 15. Nf6+ Kf8 16. Rhg1 Nd5 17. Bxd5 cxd5 18. Rg2 Rc8 19. Rdg1 Qb6 20. Nd7+ Ke7 21. Nxb6 axb6 22. Qb4+ Kd7 23. Qxb6 Rc6 24. Qxb7+ Rc7 25. Qb5+ Ke7 26. Qb4+ Kd7 27. Rg5 Rhc8 28. c3 Ne3 29. Qd6+ Ke8 30. Rxg6 fxg6 31. Qxe6+ Re7 32. Qxc8+ Kf7 33. Qc6 Rc7 34. Qxc7+ Kg8 35. Rxg6+ Kh8 36. Qg7# 1-0


[Site "https://www.chess.com"]

[Event "Late Titled Tuesday Blitz February 8 2022"]
[White "Kosakowski, Jakub"]
[Black "Fishbein, Alexander"]
[WhiteFideId "1185080"]
[BlackFideId "2000377"]
[WhiteElo "2476"]
[BlackElo "2442"]
[Result "1-0"]
[Round "10"]
[TimeControl "180+1"]
[Date "2022.02.08"]
[WhiteClock "0:00:27"]
[BlackClock "0:00:04"]

1. e4 c5 2. Nf3 d6 3. d4 cxd4 4. Nxd4 Nf6 5. Nc3 Nc6 6. Bg5 e6 7. Qd3 Be7 8. O-O-O O-O 9. h4 Nxd4 10. Qxd4 a6 11. f4 b5 12. e5 dxe5 13. Qxe5 Qb6 14. Bd3 Bb7 15. Kb1 Rac8 16. Ne4 Bxe4 17. Bxe4 Rc5 18. Qd4 Rd8 19. Qe3 Rxd1+ 20. Rxd1 Rd5 21. Qe1 Nxe4 22. Bxe7 Qf2 23. a3 Qxf4 24. Rxd5 exd5 25. Ka2 h6 26. Qa5 Qe5 27. Bb4 Qe6 28. Qc7 Kh7 29. b3 Qg6 30. Kb2 Nf6 31. Bc3 Ne4 32. Bd4 h5 33. Qe5 Nf6 34. g3 Qe4 35. Kc3 Qf3+ 36. Kb4 Qe4 37. Ka5 Qxe5 38. Bxe5 Nd7 39. Bd4 Nb8 40. Kb6 f6 41. Kb7 Nd7 42. Kxa6 g5 43. Kxb5 gxh4 44. gxh4 Kg6 45. a4 Kf5 46. a5 Ke4 47. c3 f5 48. a6 f4 49. a7 1-0


[Site "https://www.chess.com"]

[Event "Late Titled Tuesday Blitz February 8 2022"]
[White "Kostiukov, Alexandr"]
[Black "Karttunen, Mika"]
[WhiteFideId "14108100"]
[BlackFideId "502081"]
[WhiteElo "2202"]
[BlackElo "2343"]
[Result "0-1"]
[Round "10"]
[TimeControl "180+1"]
[Date "2022.02.09"]
[WhiteClock "0:02:13"]
[BlackClock "0:01:51"]

1. g3 Nf6 2. Bg2 d5 3. d3 e6 4. e4 Be7 5. e5 Nfd7 6. Qe2 c5 7. Nf3 Nc6 8. O-O h6 9. c4 d4 10. h4 Qc7 11. Re1 b6 12. h5 Bb7 13. Bf4 g5 14. hxg6 fxg6 15. g4 g5 16. Bg3 O-O-O 17. Na3 a6 18. Nc2 h5 19. gxh5 g4 20. Nh4 Bxh4 21. Bxh4 Rdg8 22. Bg3 Rxh5 23. a3 Rgh8 24. b4 Nxb4 25. axb4 Rh1+ 0-1


[Site "https://www.chess.com"]

[Event "Late Titled Tuesday Blitz February 8 2022"]
[White "Krstulovic, Alex"]
[Black "Lin, Dachey"]
[WhiteFideId "760056"]
[BlackFideId "2029650"]
[WhiteElo "2193"]
[BlackElo "2726"]
[Result "0-1"]
[Round "10"]
[TimeControl "180+1"]
[Date "2022.02.08"]
[WhiteClock "0:00:14"]
[BlackClock "0:00:17"]

1. e4 g5 2. a4 Bg7 3. Nc3 d6 4. d4 Nc6 5. Bb5 Bd7 6. Bxc6 Bxc6 7. Bxg5 Nf6 8. Bxf6 Bxf6 9. Nf3 Rg8 10. O-O Bd7 11. Kh1 c6 12. e5 dxe5 13. dxe5 Bg7 14. Qd3 Qc7 15. Rad1 O-O-O 16. Qe4 h5 17. h3 Rdf8 18. Rfe1 Bh6 19. Qh4 Bg4 20. hxg4 hxg4 21. Nd4 Bf4 22. Kg1 Bxe5 23. Nf5 f6 24. Qh7 Re8 25. Qf7 Kb8 26. Qe6 Rh8 27. Rd7 Qb6 28. Nxe7 g3 29. Ne4 Bd4 30. Re2 Qxb2 31. Qd6+ Ka8 32. Qxd4 Qc1+ 33. Qd1 Qh6 34. Nxg3 Qh2+ 35. Kf1 Qh1+ 36. Nxh1 Rxh1# 0-1


[Site "https://www.chess.com"]

[Event "Late Titled Tuesday Blitz February 8 2022"]
[White "Kukula, Pawel"]
[Black "Cunha, Lucas Aguiar"]
[WhiteFideId "1115081"]
[BlackFideId "2125404"]
[WhiteElo "2203"]
[BlackElo "2361"]
[Result "0-1"]
[Round "10"]
[TimeControl "180+1"]
[Date "2022.02.09"]
[WhiteClock "0:00:05"]
[BlackClock "0:00:18"]

1. Nc3 d5 2. e4 d4 3. Nce2 c5 4. Nf3 Nc6 5. Ng3 a6 6. a4 h5 7. h4 Bg4 8. Bc4 e6 9. Be2 Qc7 10. d3 Bd6 11. Nf1 Nge7 12. N3d2 Bxe2 13. Qxe2 Ng6 14. Nc4 Bf4 15. g3 Bxc1 16. Rxc1 b5 17. axb5 axb5 18. Ncd2 Ra2 19. Rb1 Nb4 20. Qd1 Ne5 21. Nh2 g6 22. O-O c4 23. f4 cxd3 24. cxd3 Nexd3 25. Qb3 Qc2 26. Qxc2 Nxc2 27. Rf3 Nc5 28. f5 exf5 29. exf5 O-O 30. g4 Ne3 31. gxh5 gxf5 32. Kf2 Kh7 33. Rxe3 dxe3+ 34. Kxe3 Re8+ 35. Kf3 Rd8 36. Ke2 Ne6 37. Nhf3 Kh6 38. Ke3 Ra4 39. Rc1 Kxh5 40. Rg1 Rg4 41. Rc1 f4+ 42. Ke4 Rg2 43. Nf1 Re2+ 44. Kf5 Rf2 45. N1h2 Nd4+ 46. Nxd4 Rxd4 47. Ng4 Rxb2 48. Rc8 Kxh4 49. Rg8 Rd5+ 50. Ne5 Re2 51. Rh8+ Kg3 52. Rg8+ Kf2 53. Kxf4 Rexe5 54. Rg4 f5 55. Rg5 Re4# 0-1


[Site "https://www.chess.com"]

[Event "Late Titled Tuesday Blitz February 8 2022"]
[White "Laith, Kasib"]
[Black "Golubenko, Valentina"]
[WhiteFideId "4801059"]
[BlackFideId "4501993"]
[WhiteElo "1982"]
[BlackElo "2164"]
[Result "0-1"]
[Round "10"]
[TimeControl "180+1"]
[Date "2022.02.09"]
[WhiteClock "0:00:33"]
[BlackClock "0:01:05"]

1. Nf3 g6 2. g3 Bg7 3. Bg2 c5 4. O-O Nc6 5. d3 Nf6 6. e4 d6 7. Re1 O-O 8. c3 Bg4 9. h3 Bxf3 10. Qxf3 e5 11. a4 a6 12. Be3 Rb8 13. Nd2 Qd7 14. Qd1 b5 15. axb5 axb5 16. Rc1 Ne7 17. d4 exd4 18. cxd4 c4 19. Nb1 d5 20. e5 Ne4 21. Bxe4 dxe4 22. Qg4 Qxg4 23. hxg4 Rfd8 24. Nd2 Nc6 25. Nxe4 Nxd4 26. Bxd4 Rxd4 27. f4 Rbd8 28. Kf2 Rd3 29. Ke2 Rb3 30. Rc2 Rdd3 31. Rd1 Re3+ 32. Kf2 Rxe4 33. Rd8+ Bf8 34. Rcd2 Kg7 35. f5 gxf5 36. gxf5 Bc5+ 37. Kg2 Rxe5 38. Rf2 Bxf2 0-1


[Site "https://www.chess.com"]

[Event "Late Titled Tuesday Blitz February 8 2022"]
[White "Li, Hui"]
[Black "Yang, Qindong"]
[WhiteFideId "15400310"]
[BlackFideId "8603758"]
[WhiteElo "1954"]
[BlackElo "2101"]
[Result "1-0"]
[Round "10"]
[TimeControl "180+1"]
[Date "2022.02.09"]
[WhiteClock "0:00:05"]
[BlackClock "0:01:11"]

1. e4 c5 2. Nf3 d6 3. d4 cxd4 4. Nxd4 Nf6 5. Nc3 a6 6. Be2 e5 7. Nb3 Be7 8. O-O O-O 9. Be3 Be6 10. Qd2 Nbd7 11. a4 Nb6 12. a5 Nc4 13. Bxc4 Bxc4 14. Rfd1 Rc8 15. Nc1 d5 16. exd5 Bb4 17. Bb6 Qd7 18. Nd3 Bxc3 19. Qxc3 Nxd5 20. Nxe5 Nxc3 21. Rxd7 Ne2+ 22. Kf1 Bb5 23. c4 Bxd7 24. Nxd7 Rfe8 25. Be3 f5 26. g3 Nd4 27. Bxd4 Rcd8 28. Nf6+ gxf6 29. Bxf6 Re4 30. Bxd8 Rxc4 31. Bg5 Kf7 32. Be3 Ke6 33. Rc1 Rb4 34. Rc2 Ke5 35. Ke2 Ke6 36. Kd2 Rb5 37. Ke2 Rd5 38. Rd2 Rb5 39. Rc2 Ke5 40. b4 Rxb4 41. Rc5+ Ke6 42. Rc3 Rb2+ 43. Kf3 Rb5 44. Bb6 Kf6 45. Re3 h5 46. Re8 Rb3+ 47. Kg2 h4 48. Rh8 hxg3 49. hxg3 Kg7 50. Rb8 Kf6 51. Rxb7 Rb5 52. Ra7 Ke5 53. Rxa6 Ke4 54. Ra8 Kd5 55. Re8 Kc6 56. Rc8+ Kb7 57. Rc7+ Kb8 58. Rf7 Kc8 59. Kf3 Kb8 60. Kf4 1-0


[Site "https://www.chess.com"]

[Event "Late Titled Tuesday Blitz February 8 2022"]
[White "Mamedyarov, Shakhriyar"]
[Black "Maksimovic, Bojan"]
[WhiteFideId "13401319"]
[BlackFideId "14408120"]
[WhiteElo "2769"]
[BlackElo "2450"]
[Result "1-0"]
[Round "10"]
[TimeControl "180+1"]
[Date "2022.02.08"]
[WhiteClock "0:01:06"]
[BlackClock "0:00:02"]

1. b3 Nf6 2. Bb2 g6 3. g3 Bg7 4. Bg2 d6 5. d4 O-O 6. Nf3 e5 7. dxe5 Nfd7 8. O-O dxe5 9. Qc1 Na6 10. Rd1 Re8 11. c4 e4 12. Nd4 e3 13. f4 c6 14. Nc3 Qe7 15. Nxc6 bxc6 16. Bxc6 Rb8 17. Nd5 Qf8 18. Bxd7 Bxd7 19. Bxg7 Qxg7 20. Qa3 Re6 21. Rac1 Qf8 22. Qb2 Qg7 23. Qa3 Qf8 24. Qa5 Bc6 25. f5 Rd6 26. Qxa6 Bxd5 27. Qa3 Rbd8 28. Rxd5 Rxd5 29. Qxf8+ Kxf8 30. cxd5 Rxd5 31. f6 Ke8 32. Rc7 Rd2 33. Re7+ Kd8 34. Rxe3 Rxa2 35. Re7 a5 36. e4 Rb2 37. Rxf7 Rxb3 38. e5 Re3 39. Rxh7 Rxe5 40. Rg7 Ke8 41. Rxg6 Kf7 42. Rg7+ Kxf6 43. Ra7 Rb5 44. h4 Kf5 45. Kg2 Kg4 46. Rg7+ Kh5 47. Kh3 Rb3 48. Rg5+ Kh6 49. Rxa5 Kg6 50. h5+ Kh6 51. Kh4 Rb1 52. Ra6+ Kh7 53. h6 Rb5 54. g4 Rc5 55. g5 Rc1 56. Ra7+ 1-0


[Site "https://www.chess.com"]

[Event "Late Titled Tuesday Blitz February 8 2022"]
[White "Marcziter, Dmitrii"]
[Black "Mortazavi, Ali"]
[WhiteFideId "13900765"]
[BlackFideId "401323"]
[WhiteElo "2155"]
[BlackElo "2339"]
[Result "0-1"]
[Round "10"]
[TimeControl "180+1"]
[Date "2022.02.09"]
[WhiteClock "0:00:33"]
[BlackClock "0:00:26"]

1. e4 c6 2. c4 e5 3. Nf3 d6 4. d4 Nd7 5. Nc3 Ngf6 6. Be2 Be7 7. O-O O-O 8. Be3 a6 9. d5 c5 10. h3 g6 11. Ne1 Ne8 12. Nd3 Ng7 13. f4 exf4 14. Bxf4 Re8 15. e5 dxe5 16. Nxe5 Nxe5 17. Bxe5 Nf5 18. Qd3 Bd6 19. Bxd6 Qxd6 20. Bf3 Nd4 21. Rae1 Bf5 22. Be4 Bd7 23. b4 b6 24. a3 f5 25. Bf3 Qg3 26. Rxe8+ Rxe8 27. d6 Kg7 28. Nd5 Re1 29. Rxe1 Qxe1+ 30. Qf1 Nxf3+ 31. gxf3 Qg3+ 32. Kh1 Qxd6 33. Qa1+ Kh6 34. Qe1 g5 35. h4 Qg6 36. Qe7 Bc6 37. Qf8+ Kh5 38. Ne7 Bxf3+ 39. Kh2 Qd6+ 40. Kg1 Qg3+ 41. Kf1 Qg2+ 42. Ke1 Qe2# 0-1


[Site "https://www.chess.com"]

[Event "Late Titled Tuesday Blitz February 8 2022"]
[White "Michelakos, Panagiotis"]
[Black "Rustemov, Alexander"]
[WhiteFideId "4216067"]
[BlackFideId "4119002"]
[WhiteElo "2140"]
[BlackElo "2830"]
[Result "1-0"]
[Round "10"]
[TimeControl "180+1"]
[Date "2022.02.08"]
[WhiteClock "0:00:03"]
[BlackClock "0:00:01"]

1. d4 d5 2. Nf3 Nf6 3. e3 c6 4. c4 Bf5 5. Nc3 e6 6. Bd3 Bxd3 7. Qxd3 Bb4 8. O-O O-O 9. Rd1 Nbd7 10. a3 Bxc3 11. Qxc3 a5 12. a4 Ne4 13. Qc2 f5 14. b3 Rf6 15. Nd2 Rg6 16. f3 Nxd2 17. Qxd2 Qg5 18. Ba3 Qh5 19. Qf2 Rh6 20. g3 Rg6 21. Bd6 Qg5 22. Rab1 h6 23. b4 axb4 24. Rxb4 b6 25. Kh1 Kh7 26. Rdb1 Qd8 27. Bf4 Ra6 28. cxd5 exd5 29. Qc2 Rf6 30. g4 g6 31. Rg1 Qe7 32. gxf5 gxf5 33. Qg2 Qf7 34. Rb2 Rg6 35. Qc2 Rxg1+ 36. Kxg1 Qg6+ 37. Kf1 Qe6 38. Rb1 Nf6 39. Rc1 b5 40. axb5 cxb5 41. Be5 b4 42. Qc7+ Nd7 43. Qd8 Ra7 44. Qh8+ Kg6 45. Kf2 b3 46. Rg1+ Kh5 47. Qg7 1-0


[Site "https://www.chess.com"]

[Event "Late Titled Tuesday Blitz February 8 2022"]
[White "Mikhalsky, Vladimir"]
[Black "Dobre, Claudiu-Cristian"]
[WhiteFideId "14144352"]
[BlackFideId "1211854"]
[WhiteElo "2248"]
[BlackElo "2207"]
[Result "0-1"]
[Round "10"]
[TimeControl "180+1"]
[Date "2022.02.09"]
[WhiteClock "0:00:26"]
[BlackClock "0:00:38"]

1. c4 Nf6 2. Nc3 c6 3. e4 d5 4. e5 d4 5. exf6 dxc3 6. bxc3 exf6 7. d4 c5 8. Nf3 Nc6 9. Be2 Bd6 10. O-O O-O 11. Qd3 Qc7 12. h3 b6 13. Nh4 g6 14. Bf3 Bb7 15. Bh6 Rfe8 16. Bd5 Bf4 17. Bxf4 Qxf4 18. Nxg6 Qg5 19. Qf3 hxg6 20. Bxc6 Bxc6 21. Qxc6 Rac8 22. Qa4 cxd4 23. cxd4 Re7 24. Rfe1 Rec7 25. Re8+ Rxe8 26. Qxe8+ Kg7 27. d5 Qe5 28. Qxe5 fxe5 29. Rc1 e4 30. f4 exf3 31. gxf3 Kf6 32. Kf2 Ke5 33. Ke3 b5 34. f4+ Kd6 35. Kd4 Rc5 36. f5 bxc4 37. fxg6 Rxd5+ 38. Ke4 fxg6 39. Rxc4 Rh5 40. Rc3 Rh4+ 41. Kd3 Rxh3+ 42. Kc4 Rxc3+ 43. Kxc3 Kc5 44. Kd3 Kb4 45. Ke4 Ka3 46. Kf4 Kxa2 47. Kg5 a5 48. Kxg6 a4 49. Kf5 a3 50. Ke4 Kb3 51. Kd3 a2 52. Kd2 a1=Q 0-1


[Site "https://www.chess.com"]

[Event "Late Titled Tuesday Blitz February 8 2022"]
[White "Milosevic, Milos"]
[Black "Nikologorsky, Matfei"]
[WhiteFideId "964875"]
[BlackFideId "24102474"]
[WhiteElo "2198"]
[BlackElo "2231"]
[Result "0-1"]
[Round "10"]
[TimeControl "180+1"]
[Date "2022.02.09"]
[WhiteClock "0:01:04"]
[BlackClock "0:00:41"]

1. f4 e5 2. e4 exf4 3. d4 d5 4. e5 c5 5. Bxf4 cxd4 6. Nf3 Bb4+ 7. Nbd2 Nc6 8. Bd3 Nge7 9. O-O Bf5 10. Bxf5 Nxf5 11. e6 fxe6 12. Ng5 Qe7 13. Re1 Ne3 14. Qh5+ g6 15. Qh3 Bxd2 16. Re2 e5 17. Ne6 exf4 18. Rxd2 Nd8 19. Nxf4 O-O 20. Rxd4 Nxc2 21. Nxd5 Qe5 22. Rh4 Nxa1 23. Rxh7 Qe1# 0-1


[Site "https://www.chess.com"]

[Event "Late Titled Tuesday Blitz February 8 2022"]
[White "Mirzoev, Azer"]
[Black "Borisova, Ekaterina"]
[WhiteFideId "13400304"]
[BlackFideId "34124184"]
[WhiteElo "2525"]
[BlackElo "2034"]
[Result "1-0"]
[Round "10"]
[TimeControl "180+1"]
[Date "2022.02.09"]
[WhiteClock "0:01:43"]
[BlackClock "0:00:01"]

1. b4 e6 2. Bb2 d5 3. Nf3 Nf6 4. b5 a6 5. a4 axb5 6. axb5 Rxa1 7. Bxa1 c6 8. e3 Bd6 9. c4 O-O 10. Nc3 Nbd7 11. Be2 dxc4 12. Bxc4 Nb6 13. Be2 Nbd5 14. O-O Bd7 15. Qb1 Nxc3 16. Bxc3 Nd5 17. Ba1 cxb5 18. Bxb5 Bxb5 19. Qxb5 Qc7 20. g3 Ra8 21. Rb1 h6 22. Kg2 Ra2 23. Bd4 Ra6 24. Qxb7 Qxb7 25. Rxb7 Ne7 26. Be5 Nf5 27. Rd7 Bxe5 28. Nxe5 f6 29. Ng6 Ra2 30. g4 Kh7 31. gxf5 exf5 32. Nh4 f4 33. exf4 h5 34. d3 Kh6 35. Nf5+ Kg6 36. Nxg7 h4 37. h3 Rd2 38. Kf3 Rd1 39. f5+ Kg5 40. Rd5 Rh1 41. Ne6+ Kh6 42. Kg2 Rd1 43. Rd8 Kh7 44. Nf4 Rd2 45. Ng6 Rd1 46. Nxh4 Kh6 47. Nf3 Ra1 48. h4 Ra3 49. Rd6 Kh5 50. Kg3 Ra4 51. Rd8 Rg4+ 52. Kh3 Rf4 53. Rh8# 1-0


[Site "https://www.chess.com"]

[Event "Late Titled Tuesday Blitz February 8 2022"]
[White "Mladenovic, Stefan"]
[Black "Mekhitarian, Krikor Sevag"]
[WhiteFideId "942227"]
[BlackFideId "2107660"]
[WhiteElo "2355"]
[BlackElo "2598"]
[Result "1-0"]
[Round "10"]
[TimeControl "180+1"]
[Date "2022.02.08"]
[WhiteClock "0:00:26"]
[BlackClock "0:00:05"]

1. d4 Nf6 2. Nf3 g6 3. Bf4 Bg7 4. e3 d6 5. Be2 O-O 6. O-O c5 7. c3 Nh5 8. Bg5 h6 9. Bh4 g5 10. Nfd2 cxd4 11. cxd4 Nf4 12. Bg3 Nxe2+ 13. Qxe2 Nc6 14. Nc3 e5 15. dxe5 dxe5 16. Rad1 f5 17. f4 exf4 18. exf4 g4 19. Nc4 Qf6 20. Nd5 Qf7 21. Nd6 Qe6 22. Qxe6+ Bxe6 23. Nc7 Bxa2 24. Nxa8 Rxa8 25. Nxb7 Bxb2 26. Rd2 Bd4+ 27. Bf2 Bxf2+ 28. Rfxf2 Bf7 29. Rd6 Nb4 30. Rd8+ Rxd8 31. Nxd8 Bd5 32. Re2 a5 33. Ne6 a4 34. Nc7 Bc4 35. Rb2 Nd3 36. Rb8+ Kf7 37. Nb5 Ke7 38. Nc3 Bb3 39. g3 Nb2 40. Nxa4 Nxa4 41. Rxb3 Nc5 42. Rb6 Ne6 43. Kf2 h5 44. Ke3 Kf7 45. Kd3 h4 46. Kc4 hxg3 47. hxg3 Ng7 48. Kd5 Nh5 49. Rb3 Kf6 50. Ra3 Ng7 51. Ra6+ Kf7 52. Ke5 Nh5 53. Ra3 Kg6 54. Rb3 Ng7 55. Rb6+ Kf7 56. Rf6+ Kg8 57. Rxf5 Kh7 58. Rg5 Ne8 59. Rxg4 Kh6 60. Rg8 Nc7 1-0


[Site "https://www.chess.com"]

[Event "Late Titled Tuesday Blitz February 8 2022"]
[White "Musovic, Armin"]
[Black "Garagulya, Konstantin"]
[WhiteFideId "939935"]
[BlackFideId "4128931"]
[WhiteElo "2250"]
[BlackElo "2329"]
[Result "1-0"]
[Round "10"]
[TimeControl "180+1"]
[Date "2022.02.09"]
[WhiteClock "0:01:58"]
[BlackClock "0:00:56"]

1. a3 Nf6 2. Nc3 e5 3. d4 exd4 4. Qxd4 Nc6 5. Qa4 h6 6. Nf3 Bc5 7. Bf4 O-O 8. e3 a6 9. O-O-O d6 10. Bd3 Bd7 11. Ne4 Nd4 12. Nxf6+ Qxf6 13. Qxd7 Nxf3 14. gxf3 g5 15. Bg3 Qxf3 16. Qf5 Qxf5 17. Bxf5 Kg7 18. h4 f6 19. hxg5 fxg5 20. e4 Rae8 21. b4 Bb6 22. Rh5 a5 23. Rdh1 Rf6 24. bxa5 Bxa5 25. f4 gxf4 26. Bxf4 Rh8 27. e5 1-0


[Site "https://www.chess.com"]

[Event "Late Titled Tuesday Blitz February 8 2022"]
[White "Niemann, Hans Moke"]
[Black "Kravtsiv, Martyn"]
[WhiteFideId "2093596"]
[BlackFideId "14113147"]
[WhiteElo "2636"]
[BlackElo "2694"]
[Result "1-0"]
[Round "10"]
[TimeControl "180+1"]
[Date "2022.02.08"]
[WhiteClock "0:01:24"]
[BlackClock "0:01:03"]

1. d4 d5 2. Nc3 e6 3. Bf4 Bb4 4. Qd3 Nf6 5. a3 Bd6 6. Bxd6 Qxd6 7. e4 Qc6 8. e5 Ne4 9. Nd1 h6 10. f3 Ng5 11. h4 Nh7 12. f4 b6 13. Qg3 g6 14. h5 g5 15. Bd3 gxf4 16. Qg7 Rf8 17. Qxh7 Ba6 18. Ne2 Bxd3 19. Qxd3 Nd7 20. Nxf4 O-O-O 21. Ne3 Rg8 22. O-O-O Rg3 23. Ne2 Rg7 24. g4 f6 25. exf6 Nxf6 26. Nc3 Rdg8 27. Rhf1 Nxg4 28. Nxg4 Rxg4 29. Qe2 Rg2 30. Rf2 Rxf2 31. Qxf2 Rg5 32. Qf8+ Kb7 33. Qxh6 Rg2 34. Qe3 Rh2 35. Qe5 Rh3 36. Re1 Qc4 37. Qxe6 Rxh5 38. Qe3 a5 39. Qe2 1-0


[Site "https://www.chess.com"]

[Event "Late Titled Tuesday Blitz February 8 2022"]
[White "Nihal Sarin"]
[Black "Goltseva, Ekaterina"]
[WhiteFideId "25092340"]
[BlackFideId "24173770"]
[WhiteElo "2705"]
[BlackElo "2140"]
[Result "0-1"]
[Round "10"]
[TimeControl "180+1"]
[Date "2022.02.08"]
[WhiteClock "0:00:09"]
[BlackClock "0:00:30"]

1. e4 e5 2. Nf3 Nc6 3. Bb5 a6 4. Ba4 Nf6 5. O-O Be7 6. d3 d6 7. c3 O-O 8. h3 b5 9. Bc2 Bb7 10. Re1 Nb8 11. Nbd2 c5 12. Nf1 Re8 13. Ng3 g6 14. d4 Nbd7 15. Bg5 Qc7 16. Qd2 Rac8 17. Bb3 exd4 18. cxd4 c4 19. Bc2 c3 20. bxc3 Qxc3 21. Qxc3 Rxc3 22. Bb3 Nb6 23. e5 dxe5 24. Nxe5 Nfd5 25. Bxe7 Rxe7 26. Ne4 Rcc7 27. Nc5 f6 28. Ng4 Kg7 29. Rxe7+ Rxe7 30. Rc1 Nf4 31. Kh2 Bxg2 32. Ne3 Bxh3 33. Nxa6 Bc8 34. Nb4 Bb7 35. Rc5 Nc4 36. Nxc4 bxc4 37. Bxc4 Kh6 38. a4 Re1 39. d5 Rc1 40. d6 Rd1 41. Rc7 Rh1+ 42. Kg3 Nh5+ 43. Kg4 f5# 0-1


[Site "https://www.chess.com"]

[Event "Late Titled Tuesday Blitz February 8 2022"]
[White "Noboa Silva, Kevin"]
[Black "Ladan, Nicholas"]
[WhiteFideId "3618471"]
[BlackFideId "30918855"]
[WhiteElo "2161"]
[BlackElo "2316"]
[Result "0-1"]
[Round "10"]
[TimeControl "180+1"]
[Date "2022.02.09"]
[WhiteClock "0:01:04"]
[BlackClock "0:00:32"]

1. e4 e5 2. Nf3 Nc6 3. d4 exd4 4. Nxd4 Bc5 5. Nb3 Bb6 6. Nc3 Nge7 7. Qe2 O-O 8. Be3 f5 9. f4 fxe4 10. O-O-O d5 11. g3 Nf5 12. Bxb6 axb6 13. Kb1 Nd6 14. Nxd5 Be6 15. Nc3 Qe7 16. Bg2 Bxb3 17. cxb3 Rfe8 18. Rhe1 Nb4 19. Qc4+ Nxc4 20. bxc4 e3 21. Bxb7 Rad8 22. a3 Rxd1+ 23. Nxd1 e2 24. Nc3 Nd3 25. Rxe2 Qxe2 26. Nxe2 Rxe2 27. b4 Rb2+ 28. Ka1 Rxh2 29. Be4 Nf2 30. Bd5+ Kf8 31. a4 Nd3 32. a5 Nxb4 33. axb6 cxb6 34. Be4 Ke7 35. Kb1 Kd6 36. g4 Kc5 37. g5 Kxc4 38. f5 Kc3 39. f6 gxf6 40. gxf6 Rf2 41. Bd3 Kxd3 42. f7 Kc3 43. f8=Q Rxf8 0-1


[Site "https://www.chess.com"]

[Event "Late Titled Tuesday Blitz February 8 2022"]
[White "P., Komal Kishore"]
[Black "Osiecki, Stanislaw"]
[WhiteFideId "5016703"]
[BlackFideId "1102990"]
[WhiteElo "2028"]
[BlackElo "2127"]
[Result "1-0"]
[Round "10"]
[TimeControl "180+1"]
[Date "2022.02.09"]
[WhiteClock "0:00:18"]
[BlackClock "0:00:08"]

1. e4 e6 2. d4 d5 3. Nd2 c5 4. exd5 exd5 5. Ngf3 cxd4 6. Nxd4 Nc6 7. N2f3 Bd6 8. Bb5 Bd7 9. O-O Nge7 10. Re1 O-O 11. c3 h6 12. Bd3 Nxd4 13. Nxd4 Nc6 14. Bc2 Nxd4 15. Qxd4 Bc6 16. Qd3 f5 17. Be3 Qf6 18. Bd4 Qg6 19. Re2 Rae8 20. Rae1 Rxe2 21. Qxe2 Re8 22. Qd1 Rxe1+ 23. Qxe1 Qh5 24. g3 Kf7 25. Bxa7 Qg4 26. Bd4 g5 27. Bd1 Qh3 28. Qf1 Qxf1+ 29. Kxf1 b5 30. Bb3 f4 31. Kg2 Ke6 32. Kf3 Kf5 33. Bc2+ Ke6 34. gxf4 Bxf4 35. h4 Bc1 36. b3 gxh4 37. Kg4 Bg5 38. f4 Bd8 39. Bf5+ Kf7 40. Kh5 Bf6 41. Bg6+ Kg7 42. Bf5 Be8+ 43. Kg4 h5+ 44. Kh3 Bg6 45. Be6 Bxd4 46. cxd4 Kf6 47. Bxd5 Kf5 48. b4 Be8 49. Kxh4 Kxf4 50. Be6 Ke3 51. d5 Kd4 52. d6 Kc3 53. d7 Bxd7 54. Bxd7 Kxb4 55. Kxh5 Ka3 56. Be6 Kb4 57. Bb3 Kc5 58. Kg5 Kb4 59. Kf4 Kc3 60. Ke5 b4 61. Kd5 Kb2 62. Kc5 Ka3 63. Kb5 Kb2 64. Kxb4 Ka1 65. a4 1-0


[Site "https://www.chess.com"]

[Event "Late Titled Tuesday Blitz February 8 2022"]
[White "Papp, Petra"]
[Black "Roman, Rodrigo"]
[WhiteFideId "739049"]
[BlackFideId "3701220"]
[WhiteElo "2259"]
[BlackElo "2001"]
[Result "1/2-1/2"]
[Round "10"]
[TimeControl "180+1"]
[Date "2022.02.09"]
[WhiteClock "0:00:02"]
[BlackClock "0:00:08"]

1. e4 e5 2. Nf3 Nc6 3. Bc4 Nf6 4. d3 Bc5 5. O-O O-O 6. h3 d6 7. Re1 Be6 8. Bxe6 fxe6 9. a4 a5 10. c3 Qe7 11. Nbd2 Nh5 12. Nf1 Nf4 13. Be3 Bxe3 14. Rxe3 Rf6 15. h4 Rg6 16. g3 Rf8 17. Kh2 Qf6 18. Ng1 Rh6 19. Rf3 Rxh4+ 20. gxh4 Qxh4+ 21. Nh3 g5 22. Ne3 h5 23. Ng2 Nxg2 24. Rxf8+ Kxf8 25. Kxg2 g4 26. Ng1 Ne7 27. Qd2 Kg7 28. Ne2 Qh3+ 29. Kg1 Ng6 30. Qg5 Kf7 31. Qe3 Qh4 32. d4 Kf6 33. Rd1 exd4 34. cxd4 e5 35. d5 Kf7 36. b4 axb4 37. Rb1 Qf6 38. Rxb4 Nf4 39. Nxf4 exf4 40. Qb3 b6 41. Qc2 f3 42. Qxc7+ Kg6 43. Rxb6 Qa1+ 44. Kh2 Qe5+ 45. Kg1 Qa1+ 46. Kh2 Qe5+ 47. Kg1 Qa1+ 1/2-1/2


[Site "https://www.chess.com"]

[Event "Late Titled Tuesday Blitz February 8 2022"]
[White "Peatman, Carter"]
[Black "Calcada, Lucas Galvan"]
[WhiteFideId "2096480"]
[BlackFideId "22746099"]
[WhiteElo "2411"]
[BlackElo "1402"]
[Result "1-0"]
[Round "10"]
[TimeControl "180+1"]
[Date "2022.02.09"]
[WhiteClock "0:02:30"]
[BlackClock "0:02:32"]

1. d4 Nf6 2. Bf4 e6 3. e3 Bd6 4. Bxd6 cxd6 5. Nf3 d5 6. c4 dxc4 7. Bxc4 d5 8. Bd3 O-O 9. O-O Nc6 10. Nc3 Bd7 11. a3 Rc8 12. Rc1 Ne8 13. b4 Nd6 14. Qe2 a6 15. Rc2 b5 16. Rfc1 Nc4 17. Bxc4 dxc4 18. Ne4 Ne7 19. Nc5 Ra8 20. Ne5 Nd5 21. Nexd7 1-0


[Site "https://www.chess.com"]